Map: [ESL] Moondance

Players

MasTeR - Winner!

  • Race: Protoss Protoss
  • Spawn Location: 6:00

JimRising

  • Race: Zerg Zerg
  • Spawn Location: 12:00

Event: DreamHack SC2 Masters 2022 Atlanta (Online)

VOD

Have the link to the VOD?

Description

Time

  • Played on: Sept. 29, 2022, 3:40 p.m.
  • Length: 10:42

All games in this series

Show
View Real Time Build Order
Export as new Build Order

MasTeR Protoss - Winner!

Build Orders: 1 Gate Expand, Oracle Opening 

Get SALT Encoding   

  12  0:00  Probe  
  13  0:12  Probe  
  14  0:19  Pylon  
  14  0:24  Probe  
  15  0:38  Probe (Chrono Boost)  
  15  0:39  Gateway  
  16  0:46  Probe (Chrono Boost)  
  16  0:47  Assimilator  
  17  0:52  Probe  
  18  1:04  Probe  
  19  1:16  Probe  
  20  1:24  Nexus  
  20  1:34  Cybernetics Core  
  20  1:38  Probe  
  21  1:42  Assimilator  
  21  1:50  Probe  
  21  1:52  Pylon  
  22  2:02  Probe (Chrono Boost)  
  23  2:10  Adept  
  23  2:14  Probe (Chrono Boost)  
  26  2:16  Stargate  
  26  2:21  Probe (Chrono Boost)  
  27  2:27  Warp Gate  
  27  2:28  Probe (Chrono Boost)  
  28  2:37  Probe (Chrono Boost)  
  29  2:40  Probe (Chrono Boost)  
  29  2:44  Stalker  
  33  2:45  Probe (Chrono Boost)  
  33  2:47  Probe (Chrono Boost)  
  33  2:50  Probe (Chrono Boost)  
  34  2:55  Probe  
  36  3:00  Oracle (Chrono Boost)  
  36  3:02  Probe  
  40  3:08  Probe  
  40  3:12  Pylon  
  41  3:14  Probe  
  42  3:20  Probe  
  42  3:26  Probe  
  44  3:30  Oracle (Chrono Boost)  
  44  3:32  Probe  
  48  3:39  Nexus  
  48  3:40  Probe  
  48  3:44  Probe  
  48  3:48  Pylon  
  49  3:53  Probe  
  50  3:56  Probe  
  51  4:05  Probe  
  51  4:06  Assimilator  
  51  4:07  Oracle (Chrono Boost)  
  51  4:08  Probe, Assimilator  
  56  4:14  Twilight Council  
  57  4:17  Probe  
  57  4:20  Probe  
  58  4:26  Forge  
  58  4:29  Probe  
  59  4:32  Probe  
  59  4:37  Gateway x2  
  60  4:40  Gateway  
  60  4:41  Probe  
  60  4:44  Probe  
  62  4:46  Blink (Chrono Boost)  
  62  4:52  Stalker  
  62  4:53  Probe  
  62  4:54  Probe  
  62  4:56  Probe  
  67  5:01  Protoss Ground Weapons Level 1 (Chrono Boost)  
  67  5:05  Probe  
  67  5:06  Probe  
  69  5:09  Probe  
  69  5:12  Pylon  
  70  5:16  Sentry  
  70  5:17  Probe  
  70  5:18  Probe  
  70  5:21  Probe  
  75  5:22  Gateway x2  
  75  5:23  Gateway  
  75  5:27  Gateway  
  75  5:29  Probe  
  75  5:31  Pylon  
  75  5:33  Probe  
  77  5:38  Pylon  
  77  5:43  Sentry  
  77  5:47  Stalker x3  
  77  5:49  Pylon  
  85  5:58  Nexus  
  85  6:08  Shield Battery, Probe x3  
  88  6:13  Stalker x4  
  96  6:20  Probe x2  
  96  6:21  Probe  
  96  6:25  Stalker x3  
  102  6:28  Charge (Chrono Boost)  
  102  6:32  Probe x2  
  104  6:33  Probe  
  105  6:40  Stalker x2  
  105  6:46  Pylon  
  109  6:49  Photon Cannon  
  109  6:56  Pylon  
  109  7:04  Probe x3  
  112  7:10  Stalker x8  
  112  7:13  Probe  
  127  7:16  Probe x2  
  127  7:18  Probe  
  127  7:20  Oracle (Chrono Boost)  
  122  7:25  Protoss Ground Weapons Level 2  
  122  7:26  Pylon  
  122  7:29  Gateway  
  120  7:31  Gateway  
  119  7:40  Zealot  
  119  7:41  Zealot x5  
  131  7:47  Gateway  
  131  7:52  Oracle (Chrono Boost)  
  134  8:04  Stalker x3  
  134  8:05  Stalker x4  
  134  8:15  Stalker  
  130  8:27  Nexus  
  130  8:29  Zealot  
  130  8:30  Zealot x8  
  142  8:37  Pylon  
  142  8:39  Assimilator  
  136  8:44  Stalker x2  
  140  8:54  Stalker x2  
  140  8:55  Stalker x5  
  152  8:59  Probe x4  
  150  9:08  Zealot x4  
  148  9:10  Pylon  
  148  9:11  Probe  
  149  9:19  Gateway  
  149  9:21  Gateway  
  145  9:28  Zealot x9  
  143  9:39  Stalker x2  
  137  9:48  Pylon  
  137  9:52  Stalker x7  
  147  10:04  Oracle (Chrono Boost), Stalker x4  
  142  10:16  Zealot x6  
  142  10:17  Zealot  
Show
View Real Time Build Order
Export as new Build Order

JimRising Zerg 

Build Orders: Hatch First 

Get SALT Encoding   

  12  0:00  Drone  
  13  0:12  Overlord  
  13  0:16  Drone  
  14  0:31  Drone x2  
  16  0:50  Hatchery  
  16  0:51  Drone  
  16  0:54  Drone  
  17  0:57  Drone  
  17  1:02  Extractor  
  17  1:15  Spawning Pool  
  17  1:17  Drone  
  17  1:21  Drone  
  18  1:28  Drone  
  19  1:39  Drone  
  20  1:50  Drone  
  21  2:01  Queen  
  21  2:02  Queen  
  21  2:03  Metabolic Boost  
  21  2:07  Overlord  
  25  2:11  Drone  
  25  2:12  Drone  
  28  2:15  Drone  
  28  2:27  Zergling x4  
  30  2:38  Drone  
  30  2:39  Drone  
  32  2:44  Drone  
  33  2:51  Queen  
  33  2:53  Hatchery  
  33  2:55  Overlord  
  34  3:01  Drone x2  
  36  3:06  Overlord  
  36  3:16  Drone x5  
  36  3:17  Drone x2  
  43  3:23  Drone  
  43  3:26  Overlord  
  43  3:30  Queen  
  45  3:37  Drone x2  
  45  3:39  Spore Crawler  
  46  3:42  Drone  
  46  3:44  Spore Crawler  
  46  3:49  Drone x5  
  49  3:56  Drone x2  
  46  4:05  Drone x2  
  48  4:10  Spore Crawler, Drone  
  48  4:13  Drone x2  
  50  4:18  Drone x4  
  54  4:26  Drone x2  
  54  4:27  Roach Warren  
  55  4:33  Overlord  
  55  4:35  Drone  
  55  4:36  Drone x2  
  58  4:45  Drone x3  
  60  4:48  Lair  
  60  4:50  Drone, Evolution Chamber  
  60  4:51  Overlord  
  61  4:53  Extractor  
  61  4:54  Drone x3  
  61  4:57  Drone x2  
  61  4:58  Extractor x2  
  64  5:07  Drone x7  
  69  5:17  Zerg Missile Weapons Level 1  
  69  5:23  Drone x4  
  69  5:24  Overlord  
  69  5:25  Overlord x2  
  73  5:35  Overlord x3  
  73  5:38  Hatchery  
  73  5:42  Extractor  
  71  5:45  Glial Reconstitution, Overlord  
  71  5:48  Roach x4  
  78  5:51  Drone x3  
  81  5:57  Roach  
  81  5:58  Roach x3, Extractor  
  81  6:03  Roach x3  
  94  6:06  Drone  
  94  6:08  Hydralisk Den  
  94  6:11  Roach x3  
  100  6:13  Zergling x2  
  100  6:17  Overlord  
  101  6:21  Drone x2  
  101  6:25  Roach x3  
  107  6:32  Drone x2  
  109  6:37  Zergling x12  
  115  6:44  Ravager x3  
  115  6:45  Zergling x4, Ravager  
  115  6:46  Ravager  
  121  6:51  Drone  
  121  6:52  Lurker Den  
  121  6:53  Zergling x2  
  120  6:55  Zergling x4  
  120  7:00  Zergling x2  
  122  7:02  Zergling x2  
  122  7:04  Zergling x2  
  122  7:05  Zergling x10  
  128  7:11  Zergling x8  
  128  7:20  Zergling x10  
  127  7:27  Drone x2  
  127  7:29  Queen  
  131  7:32  Zerg Missile Weapons Level 2  
  131  7:33  Drone  
  131  7:34  Infestation Pit  
  131  7:36  Drone x5  
  136  7:39  Zergling x2  
  136  7:40  Zergling x2, Overlord x2  
  134  7:52  Queen  
  127  8:09  Roach  
  127  8:10  Roach x12  
  127  8:12  Hive  
  151  8:14  Queen  
  151  8:19  Drone x5  
  145  8:42  Zergling x12  
  145  8:43  Overlord x5  
  145  8:44  Overlord  
  151  8:51  Evolution Chamber  
  151  8:53  Roach x3  
  144  9:03  Roach x13  
  144  9:05  Queen  
  159  9:11  Roach x2  
  159  9:14  Zergling x2  
  159  9:15  Zergling x4  
  161  9:22  Spore Crawler  
  145  9:29  Roach x2  
  145  9:30  Zergling x6  
  140  9:32  Queen  
  140  9:36  Roach x2  
  140  9:37  Roach x4  
  136  9:38  Extractor  
  136  9:39  Extractor  
  136  9:41  Spore Crawler  
  136  9:44  Zergling x4  
  136  9:45  Zergling x10  
  131  9:47  Drone  
  126  9:53  Roach x2  
  126  9:56  Roach  
  128  10:01  Roach x2  
  128  10:05  Roach  
  120  10:10  Roach x2  
  120  10:11  Ravager x6  
  120  10:12  Zergling x2  
  130  10:14  Hatchery  
  130  10:15  Zergling x8  
  130  10:19  Roach x2  
  130  10:20  Roach  
  135  10:24  Zergling x4  
Tags
 
Add a new tag
Caveats
  • Supply blocks, unpowered buildings, or Contaminate may cause inaccurate times.
  • Supply counts are checked every 10 seconds.